 Dungeon Crawl Stone Soup version 0.30-a0-223-gcb0039aa0c (webtiles) character file.

Game seed: 8884758626364032272

2538 qw the Cleaver (level 9, 0/57 HPs)
             Began as a Gargoyle Fighter on Oct 9, 2022.
             Killed from afar by Maggie (18 damage)
             ... with a bolt of fire
             ... on level 7 of the Dungeon.
             The game lasted 00:02:01 (6224 turns).

qw the Cleaver (Gargoyle Fighter)                   Turns: 6224, Time: 00:02:01

Health: 0/57       AC: 26    Str: 29    XL:     9   Next: 55%
Magic:  0/0        EV:  9    Int: 10    God:
Gold:   188        SH:  5    Dex: 15    Spells: 8/8 levels left

rFire   . . .      SeeInvis .    Y - +2 war axe (protect)
rCold   . . .      Faith    .    c - +0 buckler
rNeg    + . .      Spirit   .    s - +0 chain mail of Beogh, Supporting {rElec rPois rCorr MP-9}
rPois   inf        Reflect  .    (no helmet)
rElec   +          Harm     .    m - +0 cloak
rCorr   +          Rampage  .    n - +1 pair of gloves
Will    .....                    (no boots)
Stlth   ..........               h - amulet of the acrobat
HPRegen 0.29/turn                e - +6 ring of dexterity
MPRegen 0.07/turn                o - +6 ring of strength

@: under a protective aura
A: sickness immunity, AC +6, negative energy resistance 1, electricity
resistance, torment resistance 1, petrification resistance
a: no special abilities


You were on level 7 of the Dungeon.
You visited 2 branches of the dungeon, and saw 8 of its levels.

You collected 354 gold pieces.
You spent 166 gold pieces at shops.


Innate Abilities, Weirdness & Mutations

You are immune to sickness and miasma.
Your stone body is resilient. (AC +6)
You are immune to poison.
You resist negative energy. (rN+)
You are resistant to electric shocks. (rElec)
You are resistant to unholy torment.
You are immune to petrification.


   Skills:
 - Level 7.0 Fighting
 + Level 9.1 Axes
 - Level 2.1 Throwing
 - Level 5.0 Armour
 - Level 2.3 Dodging
 - Level 4.1 Shields


You had 8 spell levels left.
You didn't know any spells.
Your spell library was empty.

Inventory:

Hand Weapons
 b - a +0 morningstar
 Y - a +2 war axe of protection (weapon)
Missiles
 i - 14 boomerangs (quivered)
Armour
 c - a +0 buckler (worn)
 m - a +0 cloak (worn)
 n - a +1 pair of gloves (worn)
 s - the +0 chain mail of Beogh, Supporting (worn) {rElec rPois rCorr MP-9}
   (You bought it in a shop on level 4 of the Dungeon)

   rElec:     It insulates you from electricity.
   rPois:     It protects you from poison.
   MP:        It affects your magic capacity (-9).
   rCorr:     It protects you from acid and corrosion.
Jewellery
 e - a +6 ring of dexterity (left hand)
 h - an amulet of the acrobat (around neck)
 o - a +6 ring of strength (right hand)
Scrolls
 l - a scroll of identify
 p - 3 scrolls of teleportation
Potions
 a - a potion of invisibility {unknown}
 d - 2 potions of might
 g - 7 potions of curing
 k - a potion of attraction {unknown}
 q - a potion of berserk rage {unknown}
 r - a potion of haste {unknown}

Dungeon Overview and Level Annotations

Branches:
Dungeon (7/15)             Temple (1/1) D:6

Altars:
Cheibriados
Elyvilon
Fedhas
Gozag
Hepliaklqana
Kikubaaqudgha
Makhleb
Nemelex Xobeh
Qazlal
Ru
Sif Muna
Trog
Uskayaw
Vehumet
Xom
Yredelemnul
Zin
The Shining One

Shops:
D:4 [

Annotations:
D:7 Maggie


Message History

You hit Maggie but do no damage.
Your weapon exudes an aura of protection.
Maggie casts a spell at you. The bolt of fire hits you.
You closely miss Maggie. Maggie closely misses you.
You slash Maggie!
Maggie is moderately wounded.
Maggie casts a spell at you. The bolt of fire misses you.
You completely miss Maggie.
Maggie is moderately wounded.
Maggie points at you and mumbles some strange words.
The bolt of fire hits you!!
You slash Maggie!
Maggie is moderately wounded.
Maggie closely misses you.
You slash Maggie!
Maggie is heavily wounded.
Maggie hits you with a +0 morningstar.
You barely miss Maggie.
Maggie is heavily wounded.
Maggie casts a spell at you. The bolt of fire hits you!
You barely miss Maggie.
Maggie is heavily wounded.
You hear the faint creaking of a portcullis nearby.
Maggie casts a spell at you. The bolt of fire hits you!
You slash Maggie!
Maggie is heavily wounded.
You block Maggie's attack.
You slash Maggie!
Maggie is almost dead.
Maggie hits you but does no damage.
You hit Maggie.
Maggie is almost dead.
Maggie points at you and mumbles some strange words.
The bolt of fire hits you!!
You die...

##.## #.# #.#
#.# #<# #.# #+#
#.# #.# # #.#
##.#.#
###...$########
+.......@@.....<
####....########
##.#.# ###.# #.#
#.# #.. ##


You could see Maggie.

Vanquished Creatures
  6 yaks (D:6)
  Edmund (D:4)
  2 ice beasts (D:6)
  3 ogres
  3 phantoms (D:6)
  2 necrophages
  3 scorpions
  4 jellies
  An orc priest (D:6)
  A hound (D:4)
  4 iguanas
  5 orc wizards
  4 gnolls (D:4)
  5 adders
  A shadow imp (D:5)
  2 worms
  A dart slug (D:3)
  21 orcs
  4 bats
  5 endoplasms
  9 giant cockroaches
  6 goblins
  7 hobgoblins
  2 jackals (D:3)
  6 kobolds
  3 quokkas
  7 ball pythons
  4 rats
122 creatures vanquished.

Notes
Turn   | Place    | Note
-------+----------+-------------------------------------------
     0 | D:1      | qw the Gargoyle Fighter began the quest for the Orb.
     0 | D:1      | Reached XP level 1. HP: 14/14 MP: 1/1
     0 | D:1      | 0 ||| qw: Version: 0.2-a-17-g06abaee
     0 | D:1      | 0 ||| qw: Game counter: 2222
     0 | D:1      | 0 ||| qw: Always use a shield: true
     0 | D:1      | 0 ||| qw: God list: Okawaru
     0 | D:1      | 0 ||| qw: Allow faded altars: false
     0 | D:1      | 0 ||| qw: Do Orc after D:15 true
     0 | D:1      | 0 ||| qw: Do second Lair branch before Depths: true
     0 | D:1      | 0 ||| qw: Lair rune preference: random
     0 | D:1      | 0 ||| qw: Plans: Normal, Zot:1-4, God:TSO, Crypt, Tomb,
                  | Pan, Slime:5, Hells, Abyss, Orb
     0 | D:1      | 0 ||| PLANNING D:1-11
    62 | D:1      | 62 ||| Stepping ~*~*~tactically~*~*~ (stealth).
    63 | D:1      | 63 ||| Stepping ~*~*~tactically~*~*~ (stealth).
    69 | D:1      | Reached skill level 2 in Axes
   204 | D:1      | Reached XP level 2. HP: 16/19 MP: 2/2
   445 | D:1      | Found a faded altar of an unknown god.
   467 | D:1      | 467 ||| DROPPING +0 club.
   564 | D:1      | Reached skill level 3 in Axes
   592 | D:1      | Reached XP level 3. HP: 23/23 MP: 3/3
  1126 | D:1      | 1126 ||| UPGRADING to +0 pair of gloves.
  1131 | D:1      | 1131 ||| UPGRADING to +6 ring of dexterity.
  1132 | D:1      | 1132 ||| READING scroll labelled PURRULOEPRE.
  1133 | D:1      | 1133 ||| READING scroll labelled PYSTRAIHIOBB.
  1134 | D:1      | 1134 ||| READING scroll labelled TEITSI PIUMOESS.
  1135 | D:1      | 1135 ||| DRINKING 3 yellow potions.
  1136 | D:1      | 1136 ||| DRINKING 2 bubbling emerald potions.
  1137 | D:1      | 1137 ||| DRINKING 2 purple potions.
  1138 | D:1      | 1138 ||| DROPPING potion of degeneration.
  1505 | D:2      | 1505 ||| Stepping ~*~*~tactically~*~*~ (stealth).
  1525 | D:2      | 1525 ||| Stepping ~*~*~tactically~*~*~ (stealth).
  2104 | D:2      | 2104 ||| UPGRADING to +0 cloak.
  2109 | D:2      | 2109 ||| UPGRADING to amulet of the acrobat.
  2114 | D:2      | 2114 ||| READING scroll labelled GUOJYU HAGRINA.
  2115 | D:2      | 2115 ||| READING scroll labelled KOROGEIDEM.
  2120 | D:2      | 2120 ||| READING scroll labelled SANIAG MABRAE.
  2132 | D:3      | 2132 ||| STAIRDANCE
  2138 | D:3      | 2138 ||| STAIRDANCE
  2153 | D:3      | 2153 ||| STAIRDANCE
  2347 | D:3      | Found a glowing golden altar of the Shining One.
  2357 | D:3      | 2357 ||| Stepping ~*~*~tactically~*~*~ (stealth).
  2367 | D:3      | Reached skill level 4 in Axes
  2367 | D:3      | Reached XP level 4. HP: 9/28 MP: 4/4
  2873 | D:3      | 2873 ||| UPGRADING to +6 ring of strength.
  2874 | D:3      | 2874 ||| READING scroll labelled QADISA COSOLA.
  2875 | D:3      | 2875 ||| READING scroll labelled TISOIF JOABIRA.
  2876 | D:3      | 2876 ||| READING scroll labelled ZOMUATR QOSYAV.
  2912 | D:4      | Reached skill level 1 in Dodging
  2912 | D:4      | 2912 ||| Stepping ~*~*~tactically~*~*~ (hiding).
  2920 | D:4      | Reached XP level 5. HP: 28/32 MP: 5/5
  2936 | D:4      | 2936 ||| DROPPING +0 whip.
  2975 | D:4      | HP: 8/32 [something (2)]
  3019 | D:4      | 3019 ||| FLEEEEING.
  3020 | D:4      | 3020 ||| FLEEEEING.
  3029 | D:4      | 3029 ||| STAIRDANCE
  3134 | D:4      | 3134 ||| Stepping ~*~*~tactically~*~*~ (stealth).
  3141 | D:4      | 3141 ||| Stepping ~*~*~tactically~*~*~ (stealth).
  3153 | D:4      | Reached skill level 5 in Axes
  3153 | D:4      | Reached XP level 6. HP: 30/37 MP: 6/6
  3340 | D:4      | Found a hide-covered altar of Uskayaw.
  3424 | D:4      | 3424 ||| Stepping ~*~*~tactically~*~*~ (hiding).
  3558 | D:4      | Found Tatyos's Armour Boutique.
  3580 | D:4      | 3580 ||| BUYING +0 chain mail (54 gold).
  3580 | D:4      | Bought a +0 chain mail for 54 gold pieces
  3580 | D:4      | 3580 ||| BUYING +0 chain mail of Beogh, Supporting {rElec
                  | rPois rCorr MP-9} (112 gold).
  3580 | D:4      | Bought the +0 chain mail of Beogh, Supporting {rElec rPois
                  | rCorr MP-9} for 112 gold pieces
  3580 | D:4      | 3580 ||| SHOPLISTING +0 helmet (54 gold, have 17).
  3786 | D:4      | Noticed Edmund
  3797 | D:4      | HP: 4/39 [Edmund/+3 vorpal dire flail (10)]
  3798 | D:4      | 3798 ||| READING 3 scrolls of teleportation.
  3799 | D:4      | 3799 ||| DRINKING 2 potions of heal wounds.
  3881 | D:4      | Killed Edmund
  3882 | D:4      | Reached skill level 6 in Axes
  3882 | D:4      | Reached XP level 7. HP: 15/44 MP: 7/7
  4138 | D:4      | 4138 ||| UPGRADING to +0 chain mail.
  4148 | D:4      | 4148 ||| DROPPING +0 scale mail.
  4149 | D:4      | 4149 ||| UPGRADING to +0 chain mail of Beogh, Supporting
                  | {rElec rPois rCorr MP-9}.
  4159 | D:4      | 4159 ||| DROPPING +0 chain mail.
  4170 | D:5      | Entered Level 5 of the Dungeon
  4238 | D:5      | 4238 ||| READING scroll of enchant weapon.
  4238 | D:5      | 4238 ||| ENCHANTING +1 war axe.
  4307 | D:5      | 4307 ||| Stepping ~*~*~tactically~*~*~ (stealth).
  4311 | D:5      | 4311 ||| Stepping ~*~*~tactically~*~*~ (hiding).
  4312 | D:5      | 4312 ||| Stepping ~*~*~tactically~*~*~ (hiding).
  4314 | D:5      | Reached skill level 7 in Axes
  4323 | D:5      | 4323 ||| DROPPING +0 flail.
  4570 | D:5      | Reached skill level 1 in Throwing
  4573 | D:5      | 4573 ||| Stepping ~*~*~tactically~*~*~ (stealth).
  4818 | D:5      | Reached XP level 8. HP: 49/49 MP: 0/8
  4820 | D:5      | 4820 ||| Stepping ~*~*~tactically~*~*~ (hiding).
  4862 | D:5      | 4862 ||| DROPPING orb of energy.
  4863 | D:5      | 4863 ||| READING scroll labelled GOCZATI HESO.
  4914 | D:6      | 4914 ||| Stepping ~*~*~tactically~*~*~ (stealth).
  4915 | D:6      | 4915 ||| Stepping ~*~*~tactically~*~*~ (stealth).
  4930 | D:6      | 4930 ||| Stepping ~*~*~tactically~*~*~ (stealth).
  4998 | D:6      | 4998 ||| READING scroll of enchant armour.
  4998 | D:6      | 4998 ||| ENCHANTING +0 pair of gloves.
  5041 | D:6      | Reached skill level 8 in Axes
  5095 | D:6      | Noticed a yak
  5095 | D:6      | Noticed a yak
  5095 | D:6      | Noticed a yak
  5096 | D:6      | Noticed a yak
  5097 | D:6      | Noticed a yak
  5098 | D:6      | Noticed a yak
  5103 | D:6      | Killed a yak
  5108 | D:6      | Killed a yak
  5109 | D:6      | Killed a yak
  5110 | D:6      | Reached XP level 9. HP: 28/55 MP: 0/9
  5113 | D:6      | Reached skill level 6 in Fighting
  5115 | D:6      | HP: 14/56 [yak (13)]
  5116 | D:6      | 5116 ||| READING 2 scrolls of teleportation.
  5117 | D:6      | 5117 ||| DRINKING potion of heal wounds.
  5521 | D:6      | Reached skill level 9 in Axes
  5658 | D:6      | Found a staircase to the Ecumenical Temple.
  5659 | D:6      | 5659 ||| PLANNING TEMPLE
  5679 | D:6      | 5679 ||| READING scroll labelled SEWAHA YLOZXOYPOGU.
  5680 | D:6      | 5680 ||| DRINKING 2 green potions.
  5681 | D:6      | 5681 ||| DROPPING potion of brilliance.
  5688 | Temple   | Entered the Ecumenical Temple
  5777 | Temple   | 5777 ||| PLANNING D:1-11
  6212 | D:7      | Noticed Maggie
  6224 | D:7      | Killed from afar by Maggie

Levels and vault maps discovered:
D:1:      mrwooster_arrival_statue, layout_basic,
          hellmonk_ecumenical_altar_prayer_group, minmay_worlds_worst_comb
D:2:      layout_basic, nicolae_figureground_pulse
D:3:      layout_basic, mainiacjoe_overflow_24_doors, palyth_stone_intersect
D:4:      layout_loops_ring, nicolae_uskayaw_murder_on_the_dancefloor,
          serial_shops, nicolae_shop_stone, uniq_edmund
D:5:      layout_gridville
D:6:      nicolae_cairo_tiling, layout_loops_corners, temple_green,
          nicolae_concentric_dashed_squares_mild, due_unseen_surprise
D:7:      layout_loops_corners, mainiacjoe_overflow_brackets, enter_bailey_5,
          gammafunk_ghost_abyssal_escape, minmay_chambers_of_fives, uniq_maggie,
          uniq_menkaure
Temple:   lightli_temple_of_artemis

Skill      XL: |  1  2  3  4  5  6  7  8  9 |
---------------+----------------------------+-----
Axes           | 2 3 4 5 6 7 8 9 |  9.1
Dodging        | 1 2 |  2.3
Fighting       | 4 5 7 |  7.0
Throwing       | 2 |  2.1
Armour         | 4 5 |  5.0
Shields        | 4 |  4.1

Action                   |  1- 3 |  4- 6 |  7- 9 || total
-------------------------+-------+-------+-------++-------
Melee: War axe           |   112 |   104 |   139 ||   355
Throw: Boomerang         |     6 |    30 |    20 ||    56
       Javelin           |       |       |    17 ||    17
  Use: Scroll            |     6 |     4 |     5 ||    15
       Potion            |     3 |     1 |     2 ||     6
Armor: Scale mail        |    53 |    42 |       ||    95
       Chain mail        |       |       |    71 ||    71
Dodge: Dodged            |    45 |    39 |    39 ||   123
Block: Buckler           |    22 |    19 |    26 ||    67

Table legend:
 A = Non-vault XP
 B = Vault XP
 C = Vault XP percentage of total XP
 D = Non-vault monster count
 E = Vault monster count
 F = Vault count percentage of total count
                 A         B        C        D         E       F
            +---------+---------+-------+---------+---------+-------
      Total |    3444 |     182 |   5.0 |     113 |       9 |   7.4
            +---------+---------+-------+---------+---------+-------
        D:1 |      22 |      16 |  42.1 |      13 |       8 |  38.1
        D:2 |      23 |       0 |   0.0 |      14 |       0 |   0.0
        D:3 |      66 |       0 |   0.0 |      14 |       0 |   0.0
        D:4 |     421 |     166 |  28.3 |      24 |       1 |   4.0
        D:5 |     522 |       0 |   0.0 |      23 |       0 |   0.0
        D:6 |    2390 |       0 |   0.0 |      25 |       0 |   0.0
            +---------+---------+-------+---------+---------+-------
